 Dungeon Crawl Stone Soup version 0.23.2-1-ga50397a6bc (webtiles) character file.

Game seed: 13871878210565507878

559 Menchi the Skirmisher (level 7, 0/64 HPs)
             Began as a Hill Orc Fighter on May 24, 2019.
             Slain by a river rat (10 damage)
             ... summoned by Eustachio
             ... on level 4 of the Dungeon.
             The game lasted 00:06:13 (3258 turns).

Menchi the Skirmisher (Hill Orc Fighter)            Turns: 3258, Time: 00:06:14

Health: 0/64       AC:  9    Str: 25    XL:     7   Next: 31%
Magic:  7/7        EV: 11    Int:  8    God:
Gold:   136        SH:  0    Dex: 11    Spells: 6/6 levels left

rFire    + . .     SeeInvis .   a - +2 long sword
rCold    . . .     Gourm    .   (no shield)
rNeg     . . .     Faith    .   q - +3 leather armour {rF+}
rPois    .         Spirit   .   (no helmet)
rElec    .         Reflect  .   g - +2 cloak
rCorr    .         Harm     +   (no gloves)
MR       +....                  (no boots)
Stlth    +.........             j - amulet of harm
HPRegen  0.20/turn              i - ring of flight
MPRegen  0.10/turn              o - ring of protection from magic

@: mighty
A: no striking features
a: Evoke Flight


You were on level 4 of the Dungeon.
You were not hungry.

You visited 1 branch of the dungeon, and saw 4 of its levels.

You collected 136 gold pieces.

Inventory:

Hand Weapons
 a - a +2 long sword (weapon)
Armour
 c - a +0 shield
 g - a +2 cloak (worn)
 q - a +3 leather armour of fire resistance (worn)
Jewellery
 i - a ring of flight (left hand)
 j - an amulet of harm (around neck)
 k - an uncursed ring of resist corrosion
 o - a ring of protection from magic (right hand)
Wands
 r - a wand of iceblast (2)
Scrolls
 l - a scroll of enchant armour
Potions
 e - 2 potions of magic
 h - a potion of curing
 m - 5 potions of haste {unknown}
 n - a potion of ambrosia {unknown}
 p - a potion of mutation {unknown}
Comestibles
 b - 3 chunks of flesh
 f - 7 rations


   Skills:
 * Level 6.7 Fighting
 + Level 4.2 Long Blades
 + Level 4.9 Armour
 + Level 5.0 Shields


You had 6 spell levels left.
You didn't know any spells.
Your spell library contained the following spells:

 Spells                   Type           Power        Failure   Level  Hunger
 Confusing Touch          Hex            #.....       43%         1    ##.....
 Confuse                  Hex            #.......     82%         3    ####...
 Gell's Gravitas          Tloc           #.........   82%         3    ####...
 Petrify                  Tmut/Erth      #.......     99%         4    #####..
 Metabolic Englaciation   Hex/Ice        #.........   100%        5    ######.
 Yara's Violent Unravell  Hex/Tmut       #.........   100%        5    ######.


Dungeon Overview and Level Annotations

Branches:
Dungeon (4/15)
 Temple: D:4-7

Altars:
Makhleb
Vehumet

Annotations:
D:4 Eustachio


Message History

Eustachio mumbles some strange words.
The river rat bites you but does no damage.
You feel better. The river rat barely misses you.
You feel very mighty all of a sudden.
Eustachio mumbles some strange words.
Eustachio blinks!
The river rat bites you.
* * * LOW HITPOINT WARNING * * *
You closely miss the river rat.
The river rat is lightly wounded.
The river rat bites you but does no damage.
You closely miss the river rat.
The river rat is lightly wounded.
The river rat barely misses you.
You barely miss the river rat.
The river rat is lightly wounded.
The river rat bites you but does no damage.
You slash the river rat!
The river rat is almost dead.
The river rat bites you!
You die...

#. #.# .. #.# .
#.##.####!##
#.#..).....#
.####.>.... [.#.#
.........## #.#.#
..........# #.#.#
.#######@r####.#.#
#55r@.....#
###5#####)#.# ##.# ...#
#.#.# .#.#
####.#####...# ...#.#.#
#..(....###..# .......#
#.......# #..#
......####.......###..#
.......>..............#
....#.####.......###.##


You could see Eustachio, a quasit, 2 river rats, a white imp and an ufetubus.

Vanquished Creatures
  Grinder (D:4)
  Sigmund (D:4)
  An orc wizard (D:3)
  Natasha (twice) (D:3)
  5 adders
  An ooze (D:2)
  4 worms
  A dart slug (D:2)
  12 orcs
  2 giant cockroaches (D:2)
  7 goblins
  8 hobgoblins
  6 bats
  5 frilled lizards
  6 kobolds
  7 rats
69 creatures vanquished.

Vanquished Creatures (others)
  4 toadstools (D:1)
4 creatures vanquished.

Grand Total: 73 creatures vanquished

Notes
Turn   | Place    | Note
-------+----------+-------------------------------------------
     0 | D:1      | Menchi the Hill Orc Fighter began the quest for the Orb.
     0 | D:1      | Reached XP level 1. HP: 19/19 MP: 1/1
   536 | D:1      | Reached XP level 2. HP: 27/27 MP: 2/2
   979 | D:2      | Reached skill level 4 in Fighting
  1072 | D:2      | Reached XP level 3. HP: 33/33 MP: 3/3
  1483 | D:2      | Reached XP level 4. HP: 39/41 MP: 4/4
  1803 | D:3      | Found a radiant altar of Vehumet.
  1845 | D:3      | Reached skill level 5 in Fighting
  2130 | D:3      | Reached XP level 5. HP: 41/48 MP: 5/5
  2435 | D:3      | Found a burning altar of Makhleb.
  2439 | D:3      | Noticed Natasha
  2446 | D:3      | Killed Natasha
  2711 | D:3      | Noticed Natasha
  2718 | D:3      | Killed Natasha
  2818 | D:4      | Noticed Grinder
  2836 | D:4      | Killed Grinder
  2836 | D:4      | Reached skill level 6 in Fighting
  2836 | D:4      | Reached XP level 6. HP: 32/57 MP: 6/6
  3211 | D:4      | Noticed Sigmund
  3223 | D:4      | Killed Sigmund
  3223 | D:4      | Reached skill level 5 in Shields
  3223 | D:4      | Reached XP level 7. HP: 42/64 MP: 7/7
  3224 | D:4      | Noticed Eustachio
  3252 | D:4      | HP: 2/64 [river rat[Eustachio] (7)]
  3258 | D:4      | Slain by a river rat

Skill      XL: |  1  2  3  4  5  6 |
---------------+-------------------+-----
Fighting       | 4 5 6 |  6.7
Long Blades    | 3 4 |  4.2
Shields        | 4 5 |  5.0
Armour         | 4 |  4.9

Action                   |  1- 3 |  4- 6 |  7- 9 || total
-------------------------+-------+-------+-------++-------
Melee: Long sword        |    35 |   108 |    21 ||   164
       Whip              |    55 |       |       ||    55
Evoke: Wand              |       |     3 |       ||     3
  Use: Potion            |     2 |       |     2 ||     4
       Scroll            |     3 |     4 |       ||     7
  Eat: Chunk             |     2 |     6 |       ||     8
Armor: Scale mail        |    49 |    23 |       ||    72
       Leather armour    |       |    18 |    18 ||    36
Dodge: Dodged            |    62 |    66 |    26 ||   154
       Rpst.: Long sword |     8 |    28 |     9 ||    45
